 Dungeon Crawl Stone Soup version 0.27.1-2-g3b301248ec (webtiles) character file.

Game seed: 12989542598164757408

299 Borgoz the Cudgeller (level 6, -2/38 HPs)
             Began as a Gargoyle Gladiator on Sept 28, 2021.
             Killed by nerve-wracking pain
             ... invoked by Grinder
              (4 damage)
             ... while paralysed by Grinder
             ... on level 4 of the Dungeon.
             The game lasted 00:03:49 (2828 turns).

Borgoz the Cudgeller (Gargoyle Gladiator)           Turns: 2828, Time: 00:03:49

Health: -2/38      AC: 13    Str: 18    XL:     6   Next: 36%
Magic:  6/6        EV:  2    Int:  8    God:
Gold:   182        SH:  0    Dex: 13    Spells: 5/5 levels left

rFire    . . .     SeeInvis .   l - +2 whip (venom)
rCold    . . .     Faith    .   (no shield)
rNeg     + . .     Spirit   .   e - +0 scale mail
rPois    ∞         Reflect  .   c - +0 helmet
rElec    +         Harm     .   (no cloak)
rCorr    .         Rampage  .   i - +0 pair of gloves
Will     .....                  (no boots)
Stlth    ..........             (no amulet)
HPRegen  0.12/turn              (no ring)
MPRegen  0.10/turn              (no ring)

@: paralysed, about to teleport
A: sickness immunity, AC +4, negative energy resistance 1, electricity
resistance, torment resistance 1, petrification resistance
a: no special abilities


You were on level 4 of the Dungeon.
You visited 1 branch of the dungeon, and saw 4 of its levels.

You collected 182 gold pieces.

Inventory:

Hand Weapons
 l - a +2 whip of venom (weapon)
Armour
 c - a +0 helmet (worn)
 e - a +0 scale mail (worn)
 i - a +0 pair of gloves (worn)
Scrolls
 a - a scroll of fog {unknown}
 g - a scroll of blinking
Potions
 b - a potion of attraction
 f - 2 potions of curing {unknown}
 j - a potion of flight {unknown}
 k - a potion of heal wounds {unknown}


   Skills:
 * Level 4.0 Fighting
 * Level 4.2 Maces & Flails
 - Level 1.7 Throwing
 * Level 3.1 Armour
 * Level 3.5 Dodging


You had 5 spell levels left.
You didn't know any spells.
Your spell library contained the following spells:

 Spells                   Type           Power      Damage    Failure   Level
 Frozen Ramparts          Ice            0%         1d2       99%         3
 Mephitic Cloud           Conj/Pois/Air  0%         N/A       99%         3
 Ozocubu's Armour         Ice            0%         N/A       99%         3
 Freezing Cloud           Conj/Ice/Air   0%         6-21      100%        5
 Metabolic Englaciation   Hex/Ice        0%         N/A       100%        5
 Conjure Ball Lightning   Conj/Air       0%         3x3d6     100%        6
 Simulacrum               Ice/Necr       0%         N/A       100%        6


Dungeon Overview and Level Annotations

Branches:
Dungeon (4/15)
 Temple: D:4-7

Altars:
Trog
Xom

Shops:
D:1 =

Annotations:
D:4 Grinder


Innate Abilities, Weirdness & Mutations

You are immune to sickness and miasma.
Your stone body is resilient. (AC +4)
You are immune to poison.
You resist negative energy. (rN+)
You are resistant to electric shocks. (rElec)
You are resistant to unholy torment.
You are immune to petrification.


Message History

The gnoll hits you with a +1 vorpal halberd.
You are too injured to fight recklessly!
You are too injured to fight recklessly!
You are too injured to fight recklessly!
You hit the gnoll.
The gnoll is heavily wounded.
The gnoll hits you with a +1 vorpal halberd!
* * * LOW HITPOINT WARNING * * *
x2 You barely miss the gnoll.
The gnoll is severely wounded.
Throw: 2 throwing nets
Press: ? - help, Q - select action Shift-Dir - straight line, f - gnoll
Aim: a gnoll, wielding a +1 vorpal halberd (almost dead, very poisoned, 63% to hit)
You throw a throwing net.
The throwing net completely misses the gnoll.
The gnoll hits you with a +1 vorpal halberd.
* * * LOW HITPOINT WARNING * * *
x2 Throw: throwing net
Press: ? - help, Q - select action Shift-Dir - straight line, f/p - gnoll
Aim: a gnoll, wielding a +1 vorpal halberd (almost dead, very poisoned, 63% to hit)
You throw a throwing net. The throwing net hits the gnoll.
The gnoll is caught in the net!
The gnoll is almost dead.
The gnoll struggles against the net.
You barely miss the gnoll.
The gnoll is almost dead.
The gnoll struggles against the net.
You hit the gnoll.
You kill the gnoll!
Grinder comes into view.
She is carrying a wand of flame (12).
Things that are here:
a +1 vorpal halberd; a throwing net; a throwing net
As you read the scroll of teleportation, it crumbles to dust.
You feel strangely unstable.
Grinder zaps a wand.
The puff of flame hits you but does no damage.
Grinder gestures at you.
You suddenly lose the ability to move!
Grinder gestures at you. Pain shoots through your body!
You die...

#......########.#.###.####.#
###................##
#.#...##
........#########.## #.....#
#######.# #.# #.....# #.#
#.## ##.....# #.. ##.##
##.#...## ##.#
#)).###.###..# .#
#####.##...## #..#
####>..@)###### #..#
#.....).....# #..#
#.##5######.# ..# # .. #
###### ..^..=


You could see Grinder.

Vanquished Creatures
  Sigmund (D:2)
  A bullfrog skeleton (D:3)
  4 gnolls (D:4)
  An adder (D:3)
  An adder skeleton (D:4)
  4 worms (D:2)
  2 dart slugs
  2 orcs
  2 ball pythons
  3 bats (D:1)
  6 endoplasms
  6 giant cockroaches
  A goblin (D:1)
  2 hobgoblins (D:1)
  5 kobolds
  2 quokkas
  A frilled lizard (D:1)
  5 rats
49 creatures vanquished.

Notes
Turn   | Place    | Note
-------+----------+-------------------------------------------
     0 | D:1      | Borgoz the Gargoyle Gladiator began the quest for the Orb.
     0 | D:1      | Reached XP level 1. HP: 12/12 MP: 1/1
     9 | D:1      | Found a faded altar of an unknown god.
   130 | D:1      | Reached XP level 2. HP: 17/18 MP: 2/2
   309 | D:1      | Reached skill level 1 in Armour
   435 | D:1      | Reached XP level 3. HP: 22/22 MP: 3/3
   446 | D:1      | Found Lajun's Jewellery Shoppe.
   769 | D:2      | Noticed Sigmund
  1107 | D:2      | Killed Sigmund
  1108 | D:2      | Reached XP level 4. HP: 21/28 MP: 4/4
  1108 | D:2      | Reached XP level 5. HP: 24/32 MP: 5/5
  2266 | D:3      | Got the Papyrus of Hurtful Ice
  2345 | D:3      | Reached XP level 6. HP: 34/38 MP: 6/6
  2691 | D:4      | Found a bloodstained altar of Trog.
  2697 | D:4      | Found a shimmering altar of Xom.
  2821 | D:4      | HP: 1/38 [gnoll (1)]
  2825 | D:4      | Noticed Grinder
  2827 | D:4      | Paralysed by Grinder for 6 turns
  2828 | D:4      | Killed from afar by Grinder

Illustrated notes

Levels and vault maps discovered:
D:1:      wander_arrival_peaceful_grave, layout_rooms, serial_shops,
          nicolae_shop_behind_doors, shapermc_ecumenical_altar_mp_ritualfount
D:2:      layout_basic, kennysheep_small_spiral, uniq_sigmund
D:3:      layout_rooms
D:4:      layout_loops_ring, grunt_temple_overflow_open, serial_shops,
          shop_statue, columned_hall_lemuel, uniq_grinder

Skill      XL: |  1  2  3  4  5  6 |
---------------+-------------------+-----
Armour         | 1 2 3 |  3.1
Fighting       | 3 4 |  4.0
Maces & Flails | 4 |  4.2
Dodging        | 3 |  3.5
Throwing       | |  1.7

Action                   |  1- 3 |  4- 6 || total
-------------------------+-------+-------++-------
Melee: Flail             |    72 |    50 ||   122
       Whip              |       |    35 ||    35
Throw: Throwing net      |     1 |     2 ||     3
  Use: Scroll            |     3 |     2 ||     5
 Stab: Held in net/web   |     1 |       ||     1
Armor: Scale mail        |    30 |    36 ||    66
       Leather armour    |     1 |       ||     1
Dodge: Dodged            |    49 |    32 ||    81
